 Dungeon Crawl Stone Soup version 0.28.0-43-g3370ac3207 (webtiles) character file.

Game seed: 14828994782994849803

25907 pkoi the Martial Artist (level 12, -4/104 HPs)
             Began as a Demigod Warper on Apr 2, 2022.
             Slain by a fire elemental (10 damage)
             ... summoned by a deep elf pyromancer
             ... on level 12 of the Dungeon.
             The game lasted 00:38:42 (27082 turns).

pkoi the Martial Artist (Demigod Warper)           Turns: 27082, Time: 00:38:43

Health: -4/104     AC: 17    Str: 16    XL:     12   Next: 57%
Magic:  20/20      EV: 12    Int: 23    God:
Gold:   940        SH:  0    Dex: 17    Spells: 4/17 levels left

rFire   . . .      SeeInvis .   u - +7 dagger of Collusion {spect, rN++}
rCold   . . .      Faith    .   (no shield)
rNeg    + + +      Spirit   .   o - +5 ring mail "Foimpiqo" {rN+}
rPois   .          Reflect  .   p - +1 helmet
rElec   .          Harm     .   (no cloak)
rCorr   .          Rampage  .   v - +0 pair of gloves
Will    +....                   B - +0 pair of boots
Stlth   +.........              (no amulet)
HPRegen 0.27/turn               (no ring)
MPRegen 0.17/turn               (no ring)

@: studying 2 skills
A: high MP 1, forlorn, divine attributes
a: no special abilities


You were on level 12 of the Dungeon.
You visited 3 branches of the dungeon, and saw 17 of its levels.

You collected 940 gold pieces.

Inventory:

Hand Weapons
 u - the +7 dagger of Collusion (weapon) {spect, rN++}
   (You found it on level 4 of the Dungeon)

   When its wielder attacks, the weapon's spirit leaps out and strikes again.
   The spirit shares a part of any damage it takes with its wielder.
   rN:        It greatly protects you from negative energy.
 x - a +5 whip
 C - a +4 dagger of venom
Missiles
 c - 5 boomerangs of dispersal
 e - 54 poisoned darts (quivered)
 h - 5 curare-tipped darts
 w - a throwing net
 A - 11 boomerangs
Armour
 o - the +5 ring mail "Foimpiqo" (worn) {rN+}
   (You found it on level 3 of the Dungeon)

   rN:        It protects you from negative energy.
 p - a +1 helmet (worn)
 v - a +0 pair of gloves (worn)
 B - a +0 pair of boots (worn)
Jewellery
 H - a ring of fire
Wands
 d - a wand of digging (5)
 j - a wand of flame (3)
 r - a wand of paralysis (6)
 I - a wand of mindburst (2)
Scrolls
 b - 2 scrolls of blinking
 g - 3 scrolls of immolation
 i - a scroll of holy word
 l - 8 scrolls of teleportation
 n - a scroll of fog
 t - 2 scrolls of identify
 y - a scroll of amnesia
 D - 2 scrolls of enchant armour
 F - 2 scrolls of enchant weapon
 M - a scroll of acquirement
Potions
 f - 4 potions of curing
 k - a potion of cancellation
 m - 4 potions of brilliance
 q - a potion of magic
 s - 4 potions of attraction
 z - 3 potions of heal wounds
 J - a potion of resistance
 L - 2 potions of might


   Skills:
 - Level 9.0 Fighting
 - Level 0.8 Throwing
 + Level 8.9 Armour
 - Level 3.0 Dodging
 + Level 12.4 Unarmed Combat
 - Level 3.0 Spellcasting
 + Level 6.1 Necromancy
 - Level 6.0 Translocations
 - Level 4.7 Transmutations
 + Level 6.5 Earth Magic
 - Level 5.0 Evocations


You had 4 spell levels left.
You knew the following spells:

 Your Spells              Type           Power      Damage    Failure   Level
a - Blink                 Tloc           62%        N/A       2%          2
b - Passwall              Tmut/Erth      24%        N/A       3%          2
c - Borgnjor's Vile Clut  Necr/Erth      16%        N/A       36%         5
d - Passage of Golubria   Tloc           31%        N/A       16%         4

Your spell library contained the following spells:

 Spells                   Type           Power      Damage    Failure   Level
 Pain                     Necr           100%       1d9       1%          1
 Sandblast                Erth           66%        2d15      1%          1
 Sublimation of Blood     Necr           31%        N/A       2%          2
 Wereblood                Tmut           25%        N/A       4%          2
 Gell's Gravitas          Tloc           31%        N/A       4%          3
 Lesser Beckoning         Tloc           31%        N/A       4%          3
 Teleport Other           Tloc           31%        N/A       4%          3
 Stone Arrow              Conj/Erth      36%        3d9       16%         3
 Animate Dead             Necr           15%        N/A       16%         4
 Dispel Undead            Necr           31%        3d14      16%         4
 Portal Projectile        Hex/Tloc       34%        N/A       17%         3
 Magic Dart               Conj           12%        1d3       19%         1
 Spider Form              Tmut/Pois      14%        N/A       22%         3
 Call Imp                 Summ           3%         N/A       28%         2
 Ensorcelled Hibernation  Hex/Ice        6%         N/A       28%         2
 Static Discharge         Conj/Air       3%         N/A       28%         2
 Leda's Liquefaction      Hex/Erth       9%         N/A       45%         4
 Call Canine Familiar     Summ           3%         N/A       50%         3
 Mephitic Cloud           Conj/Pois/Air  3%         N/A       50%         3
 Anguish                  Hex/Necr       8%         N/A       50%         4
 Sticky Flame             Conj/Fire      3%         2d3       88%         4
 Agony                    Necr           31%        N/A       41%         5
 Excruciating Wounds      Necr           15%        N/A       41%         5
 Manifold Assault         Tloc           31%        N/A       41%         5
 Death Channel            Necr           15%        N/A       94%         6
 Silence                  Hex/Air        1%         N/A       99%         5
 Summon Hydra             Summ           1%         N/A       100%        7
 Lehudib's Crystal Spear  Conj/Erth      9%         10d4      100%        8


Dungeon Overview and Level Annotations

Branches:
Dungeon (12/15)            Temple (1/1) D:4            Lair (4/6) D:11
  Swamp (0/4) Lair:2          Orc (0/2) D:10
  Snake: Lair:2-4    Spider: Lair:2-4

Shops:
D:3 (

Portals:
Abyss: D:4

Annotations:
D:4 2 runed translucent doors
Lair:4 Rupert


Innate Abilities, Weirdness & Mutations

You have an increased reservoir of magic. (+10% MP)
You shall have no god before yourself.
Your divine heritage dramatically boosts your attributes as you level up.


Message History

* * * LOW HITPOINT WARNING * * *
The fire elemental closely misses you.
The deep elf pyromancer casts a spell.
The deep elf pyromancer blinks!
The fire elemental hits you. The fire elemental burns you!
* * * LOW HITPOINT WARNING * * *
The fire elemental closely misses you. The fire elemental hits you.
The fire elemental burns you!
* * * LOW HITPOINT WARNING * * *
The fire elemental hits you. The fire elemental burns you!
* * * LOW HITPOINT WARNING * * *
The fire elemental hits you. The fire elemental burns you!
* * * LOW HITPOINT WARNING * * *
The deep elf pyromancer casts a spell.
You completely miss the deep elf pyromancer.
The deep elf pyromancer is lightly wounded.
Your +7 dagger of Collusion {spect, rN++} hits the deep elf pyromancer.
The fire elemental hits you. The fire elemental burns you!
* * * LOW HITPOINT WARNING * * *
The fire elemental hits you. The fire elemental burns you!
* * * LOW HITPOINT WARNING * * *
The deep elf pyromancer hits you with a +0 rapier.
* * * LOW HITPOINT WARNING * * *
You puncture the deep elf pyromancer!
The deep elf pyromancer is heavily wounded.
Your +7 dagger of Collusion {spect, rN++} hits the deep elf pyromancer.
The fire elemental hits you. The fire elemental burns you!
* * * LOW HITPOINT WARNING * * *
The fire elemental closely misses you. The fire elemental barely misses you.
The deep elf pyromancer hits you with a +0 rapier.
* * * LOW HITPOINT WARNING * * *
You closely miss the deep elf pyromancer.
The deep elf pyromancer is heavily wounded.
Your +7 dagger of Collusion {spect, rN++} completely misses the deep elf pyromancer.
The fire elemental hits you. The fire elemental burns you!
* * * LOW HITPOINT WARNING * * *
The fire elemental hits you.
* * * LOW HITPOINT WARNING * * *
The fire elemental burns you!
You die...

#..[........ #.......###
#. #.# ###...### #.##.##
###...#########.#...###
..........<.......$...
##>#####.#####..#...#
##.# #.#####..##.# ...#
#.......(.E○####.# ##.#
#.....#.e@E......#
#.#####.#...##E#######.#
#.......##.###.#
#.#..#####.###.#
##.#...##.....#.#######.
##.....##...............
..........._...########.
######.#.......# .##
#.#.....[.#


You could see a deep elf pyromancer, 3 fire elementals and a friendly +7 dagger
of Collusion {spect, rN++} (summoned).

Vanquished Creatures
  Josephine (D:11)
  3 hydras
  Erica (Lair:2)
  Nergalle (Lair:4)
  2 ugly things
  A wolf spider (Lair:4)
  A cyclops (D:11)
  4 black mambas
  3 cane toads
  An unseen horror (D:11)
  3 rime drakes
  10 komodo dragons
  2 trolls
  Prince Ribbit (D:5)
  A polar bear (Lair:2)
  A hornet (D:8)
  6 blink frogs
  A slime creature (D:12)
  Sigmund (D:6)
  A shadow (D:11)
  4 wraiths (D:11)
  Eustachio (D:6)
  5 basilisks
  21 yaks
  A redback (Lair:4)
  3 steam dragons
  5 vampire mosquitoes (D:11)
  An acid dragon (D:10)
  Duvessa (D:7)
  13 water moccasins
  3 orc warriors
  A black bear (D:5)
  2 necrophages
  A sky beast (D:5)
  An ice beast (D:5)
  14 wolves
  4 centaurs
  2 kobold brigands
  A gnoll sergeant (D:7)
  12 bullfrogs
  2 scorpions
  2 water moccasin zombies (D:6)
  Dowan (D:7)
  4 killer bees (D:11)
  4 wights
  3 electric eels
  5 centaur zombies
  4 jellies
  2 orc priests
  A centaur skeleton (D:7)
  A gnoll shaman (D:5)
  2 hounds
  3 bullfrog skeletons
  4 iguanas
  7 orc wizards
  Robin (D:3)
  9 gnolls
  6 adders
  2 shadow imps
  A white imp (D:7)
  2 ufetubi
  An adder skeleton (D:5)
  A worm (D:3)
  4 dart slugs
  31 orcs
  7 bats
  3 endoplasms
  3 giant cockroaches
  16 goblins
  10 hobgoblins
  2 jackals (D:1)
  18 kobolds
  3 quokkas
  4 ball pythons
  5 frilled lizards
  4 goblin skeletons (D:7)
  A goblin zombie (D:7)
  A hobgoblin zombie (D:7)
  2 kobold skeletons (D:7)
  2 kobold zombies (D:7)
  An orc skeleton (D:7)
  2 rats
328 creatures vanquished.

Vanquished Creatures (others)
  8 fungi
  11 plants
  4 toadstools (D:2)
23 creatures vanquished.

Grand Total: 351 creatures vanquished

Notes
Turn   | Place    | Note
-------+----------+-------------------------------------------
     0 | D:1      | pkoi the Demigod Warper began the quest for the Orb.
     0 | D:1      | Reached XP level 1. HP: 17/17 MP: 5/5
    97 | D:1      | Reached skill level 2 in Unarmed Combat
   648 | D:1      | Reached XP level 2. HP: 23/24 MP: 7/7
   653 | D:1      | Learned a level 2 spell: Blink
  2079 | D:2      | Reached XP level 3. HP: 28/30 MP: 8/8
  2152 | D:2      | Reached skill level 3 in Unarmed Combat
  3164 | D:2      | Reached XP level 4. HP: 20/37 MP: 9/9
  3322 | D:3      | Identified the +5 ring mail "Foimpiqo" {rN+}
  3453 | D:3      | Noticed Robin
  3610 | D:3      | Killed Robin
  3698 | D:3      | Found Fatasik's Weapon Emporium.
  4316 | D:4      | Found a large runed translucent door.
  4325 | D:4      | Found a large runed translucent door.
  4359 | D:4      | Reached skill level 4 in Unarmed Combat
  4359 | D:4      | Reached XP level 5. HP: 28/45 MP: 10/10
  5488 | D:4      | Found a one-way gate to the infinite horrors of the Abyss.
  5565 | D:4      | Identified the +7 dagger of Collusion {spect, rN++}
  5604 | D:4      | Found a staircase to the Ecumenical Temple.
  5812 | Temple   | Entered the Ecumenical Temple
  6013 | D:5      | Entered Level 5 of the Dungeon
  6058 | D:5      | Reached XP level 6. HP: 45/51 MP: 12/12
  6409 | D:5      | Reached skill level 5 in Unarmed Combat
  6435 | D:5      | Noticed Prince Ribbit
  6459 | D:5      | Killed Prince Ribbit
  6460 | D:5      | Reached XP level 7. HP: 50/59 MP: 14/14
  6563 | D:5      | Reached skill level 6 in Unarmed Combat
  7125 | D:6      | Reached XP level 8. HP: 67/67 MP: 15/15
  7315 | D:6      | Noticed Eustachio
  7353 | D:6      | Killed Eustachio
  7354 | D:6      | Reached skill level 5 in Fighting
  7354 | D:6      | Reached skill level 7 in Unarmed Combat
  7354 | D:6      | Reached skill level 5 in Translocations
  7499 | D:6      | Learned a level 2 spell: Passwall
  7553 | D:6      | Noticed Sigmund
  7576 | D:6      | Killed Sigmund
  7631 | D:6      | Noticed a red ugly thing
  7724 | D:6      | Killed a red ugly thing
  7725 | D:6      | Reached skill level 1 in Transmutations
  7725 | D:6      | Reached skill level 1 in Earth Magic
  8044 | D:5      | Reached XP level 9. HP: 21/74 MP: 16/16
  8388 | D:5      | Learned a level 5 spell: Borgnjor's Vile Clutch
  8549 | D:7      | Reached skill level 8 in Unarmed Combat
  8800 | D:7      | Reached skill level 1 in Evocations
  8821 | D:7      | Noticed Duvessa
  8821 | D:7      | Noticed Dowan
  8855 | D:7      | Killed Duvessa
  8869 | D:7      | Killed Dowan
  8870 | D:7      | Reached skill level 1 in Necromancy
 12721 | D:9      | Noticed a boulder beetle
 13261 | D:10     | Entered Level 10 of the Dungeon
 13286 | D:10     | Reached skill level 9 in Unarmed Combat
 13286 | D:10     | Reached XP level 10. HP: 53/81 MP: 17/17
 13849 | D:10     | Found a staircase to the Orcish Mines.
 14706 | D:11     | HP: 4/84 [vampire mosquito (5)]
 15315 | D:11     | Noticed a cyclops
 15321 | D:11     | Killed a cyclops
 15434 | D:11     | Found a staircase to the Lair.
 15447 | D:11     | Identified the +4 short sword of Midsummer {speed, rElec
                  | Dex+4 SInv}
 15544 | D:11     | Reached skill level 10 in Unarmed Combat
 15822 | D:11     | Reached skill level 1 in Armour
 16366 | Lair:1   | Entered Level 1 of the Lair of Beasts
 17159 | Lair:1   | Reached XP level 11. HP: 92/92 MP: 19/19
 19120 | Lair:1   | Reached skill level 11 in Unarmed Combat
 19588 | Lair:2   | Noticed a five-headed hydra
 19594 | Lair:2   | Killed a five-headed hydra
 19595 | Lair:2   | Reached skill level 5 in Armour
 19613 | Lair:2   | Identified a scroll of acquirement
 19834 | Lair:2   | Noticed Erica
 19878 | Lair:2   | Killed Erica
 20074 | Lair:2   | Noticed a four-headed hydra
 20082 | Lair:2   | Killed a four-headed hydra
 20129 | Lair:2   | Found a staircase to the Swamp.
 20697 | Lair:2   | Learned a level 4 spell: Passage of Golubria
 21303 | Lair:2   | Reached skill level 5 in Evocations
 21662 | Lair:3   | Identified the +1 spear of Exquisite Torment {vamp, rC- rN+
                  | rCorr Str+2}
 22085 | Lair:3   | Reached skill level 5 in Earth Magic
 22714 | Lair:3   | Reached XP level 12. HP: 76/104 MP: 20/20
 23179 | Lair:4   | Noticed a six-headed hydra
 23185 | Lair:4   | Killed a six-headed hydra
 23298 | Lair:4   | Noticed Nergalle
 23319 | Lair:4   | Killed Nergalle
 23320 | Lair:4   | Reached skill level 12 in Unarmed Combat
 23320 | Lair:4   | Reached skill level 5 in Necromancy
 23529 | Lair:4   | HP: 1/104 [redback (6)]
 24216 | Lair:4   | HP: 5/104 [poisoned by a black mamba]
 25192 | Lair:4   | Noticed a dire elephant
 25306 | Lair:4   | Noticed Rupert
 25453 | D:12     | Noticed Josephine
 25466 | D:11     | Killed Josephine
 26371 | D:12     | HP: 4/104 [yak (12)]
 26378 | D:12     | HP: 4/104 [yak (2)]
 27082 | D:12     | Slain by a fire elemental

Illustrated notes

Levels and vault maps discovered:
D:1:      minmay_arrival_shattered_statue, layout_loops_corners
D:2:      layout_loops_ring, shapermc_ecumenical_altar_mp_ritualfount,
          basic_altar, minmay_gold_behind_fungi, serial_park_tiny_1
D:3:      layout_basic, serial_shops, nicolae_shop_window_shopping, uniq_robin
D:4:      due_chaos_kobolds, layout_basic, minmay_temple_entry_enclosed_plants
D:5:      layout_gridville, uniq_prince_ribbit1
D:6:      layout_basic, mainiacjoe_overflow_catwalk, minmay_between,
          uniq_eustachio, uniq_sigmund
D:7:      hellmonk_crumbling_castle, layout_layer_cave,
          nicolae_tso_besieged_by_evil, minmay_manual_mail, uniq_duvessa
D:8:      layout_gridville, mainiacjoe_overflow_tiny_flanked
D:9:      layout_basic, okawaru_altar_gauntlet_db, skrybe_limestone_x
D:10:     layout_rooms
D:11:     layout_roguey, lair_entry_dummy
D:12:     layout_loops_ring, jiyva_altar_1, uniq_josephine, uniq_frances,
          uniq_azrael
Temple:   mainiacjoe_temple_coin_purse
Lair:1:   layout_chaotic_city, infiniplex_staircase_pool_2
Lair:2:   layout_cellular_growth, swamp_mist, beast_lair_carwin_3,
          infiniplex_staircase_pool, uniq_erica
Lair:3:   layout_roguey, chequers_serial_rivers_micro_a, minivault_25,
          serial_bayou_lake_a
Lair:4:   layout_layer_cave, spider_nest_entry_funnel_web,
          nicolae_lair_lakeside_cave, lemuel_fruit_fields, uniq_rupert,
          uniq_nergalle

Skill      XL: |  1  2  3  4  5  6  7  8  9 10 11 12 |
---------------+-------------------------------------+-----
Unarmed Combat | 2 3 4 5 6 7 9 10 11 12 | 12.4
Fighting       | 2 3 4 5 7 9 |  9.0
Spellcasting   | 2 3 |  3.0
Translocations | 3 4 5 6 |  6.0
Dodging        | 3 |  3.0
Transmutations | 1 3 4 |  4.7
Earth Magic    | 2 3 4 5 6 |  6.5
Evocations     | 2 3 5 |  5.0
Necromancy     | 2 4 6 |  6.1
Armour         | 2 6 8 |  8.9
Throwing       | |  0.8

Action                   |  1- 3 |  4- 6 |  7- 9 | 10-12 || total
-------------------------+-------+-------+-------+-------++-------
Melee: Whip              |    88 |       |       |       ||    88
       Unarmed           |     2 |       |       |    15 ||    17
       Punch             |     4 |     6 |    15 |    57 ||    82
       Dagger            |    55 |   179 |   279 |   604 ||  1117
Throw: Dart              |     2 |    13 |     3 |       ||    18
 Cast: Blink             |       |       |     5 |     2 ||     7
Evoke: Wand              |       |     1 |    14 |    36 ||    51
  Use: Scroll            |     2 |     4 |     5 |     8 ||    19
       Potion            |       |       |       |    10 ||    10
 Stab: Sleeping          |     2 |       |       |       ||     2
       Paralysed         |       |     4 |     5 |    35 ||    44
       Distracted        |       |       |     2 |    10 ||    12
Armor: Leather armour    |    48 |       |       |       ||    48
       Ring mail         |       |    72 |   158 |   268 ||   498
Dodge: Dodged            |   100 |   105 |   168 |   367 ||   740
